 Dungeon Crawl Stone Soup version 0.22-a0-348-gd16d139 (webtiles) character file.

41 Gorglomux the Ruffian (level 3, 0/26 HPs)
             Began as a Minotaur Earth Elementalist on Apr 9, 2018.
             Succumbed to an adder's poison
             ... on level 2 of the Dungeon.
             The game lasted 00:00:51 (1126 turns).

Gorglomux the Ruffian (Minotaur Earth Elementalist) Turns: 1126, Time: 00:00:52

Health: 0/26       AC:  2    Str: 13    XL:     3   Next: 32%
Magic:  2/4        EV: 12    Int: 17    God:
Gold:   31         SH:  0    Dex: 10    Spells: 3/4 levels left

rFire    . . .     SeeInvis .     - Unarmed
rCold    . . .     Gourm    .   (no shield)
rNeg     . . .     Faith    .   c - +0 robe
rPois    .         Spirit   .   (helmet restricted)
rElec    .         Reflect  .   (no cloak)
rCorr    .         Harm     .   (no gloves)
MR       .....                  (no boots)
Stlth    ++........             (no amulet)
HPRegen  0.08/turn              (no ring)
MPRegen  0.09/turn              (no ring)

@: brilliant, lethally poisoned (0 -> -4)
A: retaliatory headbutt, horns 2
a: no special abilities


You were on level 2 of the Dungeon.
You were hungry.

You visited 1 branch of the dungeon, and saw 2 of its levels.

You collected 31 gold pieces.

Inventory:

Missiles
 b - 38 stones (quivered)
Armour
 c - a +0 robe (worn)
Scrolls
 e - a scroll of remove curse {unknown}
 f - a scroll of blinking {unknown}
 i - a scroll of fog {unknown}
 k - a scroll of teleportation {unknown}
 l - a scroll of identify {unknown}
Comestibles
 d - 6 rations


   Skills:
 - Level 2.1 Dodging
 - Level 1.5 Stealth
 + Level 3.3 Unarmed Combat
 - Level 1.3 Spellcasting
   Level 0.7 Transmutations
 - Level 2.4 Earth Magic


You had 3 spell levels left.
You knew the following spells:

 Your Spells              Type           Power        Failure   Level  Hunger
a - Sandblast             Erth           ###...       1%          1    ##.....


Dungeon Overview and Level Annotations

Branches:
Dungeon (2/15)

Altars:


Innate Abilities, Weirdness & Mutations

You reflexively headbutt those who attack you in melee.
You have a pair of horns on your head.


Message History

Aim: a frilled lizard The blast of sand butts the frilled lizard!
You annihilate the frilled butt!!!
b - 39 stones
Casting: Sandblast (safe; 1% risk of failure)
Confirm with ! or Enter, or press ? or * to list all spells!
Aiming: Sandblast (safe; 1% risk of failure)
Press: ? - help, Shift-Dir - straight line, f - quokka
Aim: a quokka The blast of sand hits the quokka!
b - 38 stones * * * don't die
* * * You feel sick!
The quokka barely misses you! You furiously retaliate!!!
Butt headbutt the butt!!!
You annihilate the quokka!!!
Things that are here:
a quokka corpse; a frilled lizard corpse Butcher a quokka corpse? [(y)es/(n)o/(a)ll/(q)uit/?]
You butcher the quokka corpse!
You stop butchering the corpse! rip

#...# #...# #. #...#
.##########.# ##...#
............. ....###
#........##.# #.....#
#.......##.# #....#
#.......##.####.†..#
#.@###.........#
#.......###....#
##.............#
.....?.###.###..(....
#####... .........###
###############


There were no monsters in sight!

Vanquished Creatures
  An adder (D:2)
  An ooze (D:2)
  2 dart slugs (D:1)
  A leopard gecko (D:1)
  A giant cockroach (D:2)
  A goblin (D:1)
  A hobgoblin (D:1)
  2 jackals (D:2)
  2 quokkas (D:2)
  3 bats
  3 frilled lizards
  A kobold (D:2)
  4 rats
23 creatures vanquished.

Notes
Turn   | Place    | Note
-------+----------+-------------------------------------------
     0 | D:1      | Gorglomux the Minotaur Earth Elementalist began the quest for the Orb.
     0 | D:1      | Reached XP level 1. HP: 14/14 MP: 1/1
   119 | D:1      | Reached skill level 1 in Unarmed Combat
   402 | D:1      | Reached XP level 2. HP: 18/20 MP: 3/3
   531 | D:1      | Reached skill level 2 in Unarmed Combat
  1104 | D:2      | Reached skill level 3 in Unarmed Combat
  1105 | D:2      | Reached XP level 3. HP: 19/26 MP: 4/4
  1124 | D:2      | HP: 1/26 [poisoned by an adder]
  1126 | D:2      | Succumbed to an adder's poison

Vault maps used:
D:1:      lemuel_arrival_behind_the_door_small
D:2:      nicolae_qazlal_eye_of_the_storm, grunt_gozag_statues, minivault_5,
          uniq_sigmund

Skill      XL: |  1  2 |
---------------+-------+-----
Unarmed Combat | 1 3 |  3.3
Dodging        | |  2.1
Stealth        | |  1.5
Spellcasting   | |  1.3
Transmutations | |  0.7
Earth Magic    | |  2.4

Action                   || total
-------------------------++-------
Melee: Unarmed           ||    53
       Headbutt          ||     2
 Cast: Sandblast         ||     7
  Use: Potion            ||     2
 Stab: Sleeping          ||     3
Armor: Robe              ||     9
Dodge: Dodged            ||    46

Table legend:
 A = Spawn XP
 B = Non-spawn XP
 C = Spawn XP percentage of total XP
 D = Spawn monster count
 E = Non-spawn monster count
 F = Spawn count percentage of total count
 G = Total turns spent on level
                    A         B        C        D         E        F      G
               +---------+---------+-------+---------+---------+-------+---------
         Total |       0 |      59 |   0.0 |       0 |      23 |   0.0 |  1126
               +---------+---------+-------+---------+---------+-------+---------
           D:1 |       0 |      21 |   0.0 |       0 |      11 |   0.0 |   818
           D:2 |       0 |      38 |   0.0 |       0 |      12 |   0.0 |   308
               +---------+---------+-------+---------+---------+-------+---------
